 Dungeon Crawl Stone Soup version 0.30-a0-595-g91969c0fa5 (webtiles) character file.

Game seed: 9877218378081928462

276 MackTheKnife the Cutter (level 6, -4/38 HPs)
             Began as a Deep Elf Wanderer on Jan 6, 2023.
             Was an Initiate of Ashenzari.
             Slain by Pikel
             ... wielding a +0 whip of electrocution
              (17 damage)
             ... on level 5 of the Dungeon.
             The game lasted 00:08:11 (3174 turns).

MackTheKnife the Cutter (Deep Elf Wanderer)         Turns: 3174, Time: 00:08:12

Health: -4/38      AC:  6    Str:  6    XL:     6   Next: 4%
Magic:  8/8        EV: 12    Int: 18    God:    Ashenzari [......]
Gold:   148        SH:  0    Dex: 18    Spells: 5/5 levels left

rFire   . . .      SeeInvis .    v - +0 rapier (drain) {short}
rCold   . . .      Faith    .    (no shield)
rNeg    . . .      Spirit   .    g - +0 leather armour
rPois   .          Reflect  .    o - +0 helmet of Supernal Understanding {Comp, Self} (curse)
rElec   .          Harm     .    m - +0 cloak
rCorr   .          Rampage  .    c - +0 pair of gloves
Will    .....                    (no boots)
Stlth   ++                       (no amulet)
HPRegen 0.26/turn                h - ring of flight
MPRegen 0.11/turn                (no ring)

@: flying
A: no striking features
a: Renounce Religion, Shatter the Chains


You were on level 5 of the Dungeon.
You worshipped Ashenzari.
Ashenzari was noncommittal.
You visited 1 branch of the dungeon, and saw 5 of its levels.

You collected 258 gold pieces.
You spent 110 gold pieces at shops.


   Skills:
 + Level 3.6(4.0) Fighting
 + Level 4.6 Short Blades
 - Level 1.0 Polearms
 - Level 2.4 Dodging
 - Level 3.6 Stealth
 - Level 1.1 Evocations


You had 5 spell levels left.
You didn't know any spells.
Your spell library contained the following spells:

 Spells                   Type           Power      Damage    Failure   Level
 Beastly Appendage        Tmut           0%         N/A       34%         1
 Wereblood                Tmut           0%         N/A       45%         2
 Spider Form              Tmut/Pois      0%         N/A       71%         3

Inventory:

Hand Weapons
 v - a +0 rapier of draining (weapon) {short}
   (You bought it in a shop on level 3 of the Dungeon)
Armour
 b - a +0 robe
   (You took it off Blork the orc on level 5 of the Dungeon)
 c - a +0 pair of gloves (worn)
 e - a +0 robe
 f - a +0 ring mail
   (You found it on level 5 of the Dungeon)
 g - a +0 leather armour (worn)
   (You found it on level 1 of the Dungeon)
 m - a +0 cloak (worn)
   (You found it on level 1 of the Dungeon)
 o - the cursed +0 helmet of Supernal Understanding (worn) {Comp, Self}
   (You found it on level 3 of the Dungeon)

   It has a curse which improves the following skills: Companions: Summonings
   and Necromancy.
   Introspection: Fighting and Spellcasting.
 p - a +0 scale mail
   (You found it on level 1 of the Dungeon)
 r - a +0 ring mail
   (You took it off an orc on level 3 of the Dungeon)
 s - a +0 robe
   (You found it on level 3 of the Dungeon)
 t - a +0 ring mail
   (You found it on level 3 of the Dungeon)
 u - a +0 leather armour
   (You found it on level 3 of the Dungeon)
 w - a +0 ring mail
   (You found it on level 3 of the Dungeon)
 x - a +0 leather armour
   (You took it off an orc on level 3 of the Dungeon)
 y - a +0 buckler
   (You found it on level 4 of the Dungeon)
Jewellery
 h - a ring of flight (left hand)
   (You found it on level 1 of the Dungeon)
Scrolls
 i - a scroll of fog
 l - a scroll of identify {@r1}
 q - a scroll of enchant armour
Potions
 a - a potion of invisibility
 d - 2 potions of mutation {unknown}

Dungeon Overview and Level Annotations

Branches:
Dungeon (5/15) Zot: 26801
 Temple: D:4-7

Altars:
Ashenzari
Qazlal
Zin

Shops:
D:3 (

Annotations:
D:3 exclusion: 4 orcs
D:4 Grinder, Natasha, Sigmund
D:5 Pikel

#### #### ..#
#...## # #.#
#.....#
##.####.##K.5....
###..#.....@5.55...
#......##.##.......
#.#..#.##.# #.....#
#.#.......# #...##
#.#......## ####
#.####.#.#
#......#.#
########.#
#......#.#


You could see Pikel and 4 lemures.


Message History

You now have 118 gold pieces (gained 13).
Things that are here:
a +0 dagger {short}; a +0 club {mace}; a hobgoblin skeleton Natasha, Servant of Life and Death comes into view.
Natasha moves out of view.
A kobold comes into view. It is wielding a +0 dagger.
The kobold barely misses you.
You hit the kobold. You drain the kobold.
You kill the kobold!
No target in view!
No target in view!
There is a stone staircase leading down here.
You fly downwards.
There is a stone staircase leading up here.
Blork the orc closely misses you.
You hit Blork the orc. You drain Blork the orc. You hit Blork the orc.
You drain Blork the orc. Blork the orc closely misses you.
An adder comes into view.
The adder hisses angrily.
You hit Blork the orc.
Blork the orc hits you with a +0 flail. 😕 HP[-1]
You take 1 damage, and now have 31/32 hp.
You hit Blork the orc.
Blork the orc casts a cantrip, but nothing happens.
You hit Blork the orc. Blork the orc closely misses you.
You hit Blork the orc. Blork the orc misses you.
You puncture Blork the orc!
You kill Blork the orc!
The adder closely misses you.
You feel your strength returning.
You have reached level 6! 😎 HP[+6] MP[+1]
You now have 37 max hp (+5).
Your hp is fully restored (37).
Your mp is fully restored (8).
You closely miss the adder. The adder barely misses you.
You barely miss the adder. The adder bites you but does no damage.
You hit the adder. The adder bites you but does no damage.
The adder misses you.
Ashenzari invites you to partake of a vision and a curse of companions and introspection.
You closely miss the adder. The adder closely misses you.
You barely miss the adder. The adder bites you.
You are poisoned.
The adder poisons you! 😕 HP[-1]
You take 1 damage, and now have 36/37 hp.
You closely miss the adder.
You feel sick.
The adder bites you but does no damage. 😕 HP[-1]
You take 1 damage, and now have 35/37 hp.
You hit the adder.
You feel sick.
The adder bites you but does no damage. x2 😕 HP[-1]
You take 1 damage, and now have 34/37 hp.
You barely miss the adder.
You feel sick. The adder barely misses you.
Your +0 helmet glows black for a moment.
You feel sick. The adder closely misses you.
You now have 38 max hp (+1).
You barely miss the adder.
You feel sick.
You are no longer poisoned.
The adder closely misses you. 😕 HP[-1]
You take 1 damage, and now have 33/38 hp.
You hit the adder. The adder closely misses you. x2
You puncture the adder!
You kill the adder! 😕 HP[+1]
You start resting. 😎 HP[+4]
Your hp is fully restored (38).
b - a +0 robe You see here a +0 flail {mace}.
d - a fizzy silvery potion Key pressed, stopping explore.
f - a +0 ring mail You now have 130 gold pieces (gained 12).
d - 2 fizzy silvery potions (gained 1)
Found a stone staircase leading up.
You now have 139 gold pieces (gained 9).
You now have 148 gold pieces (gained 9).
Pikel and 3 lemures come into view.
Pikel is wielding a +0 whip of electrocution.
You aren't carrying any items that you can evoke.
Unknown command.
Okay, then.
A lemure comes into view.
Unknown command.
Pikel shouts!
The lemure shouts! x2
Pikel hits you with a +0 whip of electrocution.
You are electrocuted!
* * * LOW HITPOINT WARNING * * *
😨 HP[-20]
You take 20 damage, and now have 18/38 hp.
MASSIVE DAMAGE!! (PAUSE) Unknown command.
The lemure attacks as you move away! The lemure barely misses you.
Pikel attacks as you move away!
Pikel hits you with a +0 whip of electrocution.
* * * LOW HITPOINT WARNING * * *
You are electrocuted!
You die...

Skill      XL: |  1  2  3  4  5 |
---------------+----------------+-----
Fighting       | 2 3 |  3.6
Short Blades   | 3 4 |  4.6
Polearms       | |  1.0
Dodging        | |  2.4
Stealth        | |  3.6
Evocations     | |  1.1

Action                   |  1- 3 |  4- 6 || total
-------------------------+-------+-------++-------
Melee: Short sword       |   122 |    14 ||   136
       Unarmed           |     7 |       ||     7
       Punch             |     1 |     2 ||     3
       Rapier            |       |    73 ||    73
Throw: Dart              |     5 |       ||     5
Invok: Curse Item        |       |     1 ||     1
  Use: Potion            |     2 |     4 ||     6
       Scroll            |       |     9 ||     9
 Stab: Sleeping          |     4 |     2 ||     6
Armor: Leather armour    |    35 |    29 ||    64
       Skin              |     9 |       ||     9
Dodge: Dodged            |    70 |    45 ||   115

Levels and vault maps discovered:
D:1:      dpeg_arrival_shrine, layout_loops_ring, minmay_domino_4
D:2:      layout_rooms
D:3:      layout_rooms, mainiacjoe_overflow_24_doors,
          mainiacjoe_overflow_small_starburst,
          lemuel_zombie_altar_kikubaaqudgha, mainiacjoe_overflow_boulevard,
          serial_shops, nicolae_shop_bloodbath_and_beyond
D:4:      layout_rooms, minmay_temple_entry_antechambers, uniq_sigmund,
          uniq_robin, uniq_grinder, uniq_natasha
D:5:      layout_loops_cross, uniq_blork_the_orc, uniq_pikel

Notes
Turn   | Place    | Note
-------+----------+-------------------------------------------
     0 | D:1      | MackTheKnife the Deep Elf Wanderer began the quest for the
                  | Orb.
     0 | D:1      | MackTheKnife set off with the following items: a +2 short
                  | sword {short}, a +0 spear {polearm}, a +0 pair of gloves, a
                  | scroll of blinking {!r}, a +0 robe.
     0 | D:1      | Reached XP level 1. HP: 12/12 MP: 3/3
     0 | D:1      | magus.rc [v1.9.6]
   141 | D:1      | Reached XP level 2. HP: 16/16 MP: 4/4
   363 | D:1      | You pick up a book of Changes and begin reading...
   363 | D:1      | You add the spells Beastly Appendage, Wereblood and Spider
                  | Form to your library.
   717 | D:1      | Reached XP level 3. HP: 18/21 MP: 5/5
   810 | D:1      | Reached skill level 2 in Fighting
   937 | D:2      | HP: 7/31 [poisoned by an adder]
   941 | D:2      | Reached skill level 3 in Short Blades
  1658 | D:3      | Reached XP level 4. HP: 25/27 MP: 6/6
  1731 | D:3      | Found a stormy altar of Qazlal.
  1803 | D:3      | Found a glowing silver altar of Zin.
  1834 | D:3      | Found Oxoralen's Weapon Shoppe.
  1842 | D:3      | Bought a +0 rapier of draining for 110 gold pieces
  1998 | D:3      | Found a broken altar of Ashenzari.
  2074 | D:3      | Became a worshipper of Ashenzari the Shackled
  2215 | D:4      | Noticed Sigmund
  2215 | D:4      | Noticed Grinder
  2281 | D:4      | Noticed Robin
  2479 | D:4      | Noticed a scorpion
  2485 | D:4      | Killed a scorpion
  2486 | D:4      | Reached skill level 3 in Fighting
  2486 | D:4      | Reached XP level 5. HP: 32/32 MP: 7/7
  2519 | D:4      | Reached skill level 4 in Short Blades
  2711 | D:4      | Noticed Natasha
  2733 | D:4      | Killed Natasha
  2789 | D:4      | Noticed an ogre
  2805 | D:4      | Killed Robin
  2836 | D:4      | HP: 8/32 [poisoned by Sigmund]
  2950 | D:4      | Noticed Natasha
  2975 | D:5      | Entered Level 5 of the Dungeon
  2975 | D:5      | Noticed Blork the orc
  2986 | D:5      | Killed Blork the orc
  2987 | D:5      | Reached XP level 6. HP: 37/37 MP: 8/8
  3171 | D:5      | Noticed Pikel
  3174 | D:5      | Slain by Pikel

Vanquished Creatures
  Blork the orc (D:5)
  A scorpion (D:4)
  Natasha (D:4)
  Robin (D:4)
  3 adders
  A worm (D:2)
  A dart slug (D:3)
  3 orcs
  4 ball pythons
  8 endoplasms
  2 giant cockroaches (D:1)
  15 goblins
  13 hobgoblins
  8 kobolds
  3 quokkas
  3 bats (D:1)
  5 frilled lizards
  5 rats
78 creatures vanquished.

Table legend:
 A = Non-vault XP
 B = Vault XP
 C = Vault XP percentage of total XP
 D = Non-vault monster count
 E = Vault monster count
 F = Vault count percentage of total count
                 A         B        C        D         E       F
            +---------+---------+-------+---------+---------+-------
      Total |     226 |     169 |  42.8 |      61 |      17 |  21.8
            +---------+---------+-------+---------+---------+-------
        D:1 |      43 |       5 |  10.4 |      25 |       4 |  13.8
        D:2 |      44 |       0 |   0.0 |      12 |       0 |   0.0
        D:3 |      28 |       9 |  24.3 |      13 |       5 |  27.8
        D:4 |      98 |      61 |  38.4 |      10 |       7 |  41.2
        D:5 |      13 |      94 |  87.9 |       1 |       1 |  50.0
            +---------+---------+-------+---------+---------+-------

Illustrated notes

Table legend:
 A = Kills in this place as a percentage of kills in entire the game.
 B = Kills by you in this place as a percentage of kills by you in the entire game.
 C = Kills by friends in this place as a percentage of kills by friends in the entire game.
 D = Other kills in this place as a percentage of other kills in the entire game.
 E = Experience gained in this place as a percentage of experience gained in the entire game.
 F = Experience gained in this place divided by the number of levels of this place that you have seen.
                   A       B       C       D       E      F
               +-------+-------+-------+-------+-------+----------------------
         Total | 100.0 | 100.0 |   N/A |   N/A | 100.0 |  79.0
       Dungeon | 100.0 | 100.0 |   N/A |   N/A | 100.0 |  79.0
               +-------+-------+-------+-------+-------+----------------------

Table legend: (Time is in decaauts)
 A = Elapsed time spent in this place.
 B = Non-inter-level travel time spent in this place.
 C = Inter-level travel time spent in this place.
 D = Time resting spent in this place.
 E = Time spent auto-exploring this place.
 F = Levels seen in this place.
 G = Mean time per level.
                   A        B        C        D        E       F      G
               +--------+--------+--------+--------+--------+-----+--------+
         Total |   3159 |   2896 |    263 |    528 |   1416 |   5 |  631.8 |
       Dungeon |   3159 |   2896 |    263 |    528 |   1416 |   5 |  631.8 |
               +--------+--------+--------+--------+--------+-----+--------+

Top non-repeatable levels by time:
     D:3: 1036 daAuts
     D:1: 971 daAuts
     D:2: 551 daAuts
     D:4: 401 daAuts
     D:5: 198 daAuts
